 Dungeon Crawl Stone Soup version 0.22-a0-812-g4c1e2d5471 (webtiles) character file.

624 Htamos the Destroyer (level 7, -8/36 HPs)
             Began as a Tengu Conjurer on July 23, 2018.
             Was an Initiate of Vehumet.
             Mangled by an ogre
             ... wielding a +0 giant club
              (22 damage)
             ... on level 4 of the Dungeon.
             The game lasted 00:06:41 (4997 turns).

Htamos the Destroyer (Tengu Conjurer)               Turns: 4997, Time: 00:06:41

Health: -8/36      AC:  2    Str:  8    XL:     7   Next: 47%
Magic:  5/11       EV: 13    Int: 17    God:    Vehumet [......]
Gold:   234        SH:  2    Dex: 15    Spells: 5/10 levels left

rFire    . . .     SeeInvis .   o - +0 dagger
rCold    . . .     Gourm    .   (no shield)
rNeg     . . .     Faith    .   a - +0 robe
rPois    .         Spirit   .   (helmet restricted)
rElec    .         Reflect  +   (no cloak)
rCorr    .         Harm     .   (no gloves)
MR       .....                  (boots unavailable)
Stlth    ++........             d - +2 amulet of reflection
HPRegen  0.12/turn              (no ring)
MPRegen  0.12/turn              (no ring)

@: no status effects
A: beak, talons 3, able to fly 1
a: Fly, Renounce Religion


You were on level 4 of the Dungeon.
You worshipped Vehumet.
Vehumet was noncommittal.
You were hungry.

You visited 1 branch of the dungeon, and saw 4 of its levels.

You collected 234 gold pieces.

Inventory:

Hand Weapons
 g - a +0 short sword
 o - a +0 dagger (weapon)
Armour
 a - a +0 robe (worn)
 e - a +0 ring mail
Jewellery
 d - a +2 amulet of reflection (around neck)
 q - an uncursed ring of resist corrosion {unknown}
Scrolls
 b - 2 scrolls of fog
 h - a scroll of fear {unknown}
 k - 2 scrolls of enchant weapon {unknown}
 l - a scroll of amnesia {unknown}
 p - a scroll of blinking {unknown}
 t - a scroll of identify
 v - 2 scrolls of teleportation {unknown}
 w - a scroll of magic mapping {unknown}
Potions
 f - 4 potions of curing
 i - 3 potions of heal wounds {unknown}
 j - a potion of mutation {unknown}
 m - a potion of magic {unknown}
 n - 2 potions of flight {unknown}
 r - a potion of invisibility
 s - a potion of lignification {unknown}
 u - a potion of resistance {unknown}
Comestibles
 c - 9 rations


   Skills:
 * Level 5.1 Short Blades
 - Level 2.1 Dodging
 - Level 2.0 Stealth
 - Level 2.0 Spellcasting
 * Level 9.6 Conjurations


You had 5 spell levels left.
You knew the following spells:

 Your Spells              Type           Power        Failure   Level  Hunger
a - Magic Dart            Conj           ####         1%          1    #......
b - Iskenderun's Mystic   Conj           ####....     3%          4    #####..

Your spell library contained the following spells:

 Spells                   Type           Power        Failure   Level  Hunger
 Fulminant Prism          Conj/Hex       ###.......   26%         4    #####..
 Dazzling Spray           Conj/Hex       ###...       9%          3    ###....
 Force Lance              Conj/Tloc      ###.....     26%         4    #####..
 Searing Ray              Conj           ####..       1%          2    ###....


Dungeon Overview and Level Annotations

Branches:
Dungeon (4/15)
 Temple: D:4-7

Altars:
Hepliaklqana
Qazlal
Vehumet
Xom


Innate Abilities, Weirdness & Mutations

You have a beak for a mouth.
You have claws for feet.
You can fly.


Message History

There is a stone staircase leading up here.
Casting: Magic Dart (safe; 1% risk of failure)
Confirm with . or Enter, or press ? or * to list all spells.
Aiming: Magic Dart (safe; 1% risk of failure)
Press: ? - help, Shift-Dir - straight line, f - ogre
Aim: an ogre, wielding a giant club (moderately wounded)
The magic dart hits the ogre.
The ogre is heavily wounded.
You hit the ogre. You claw the ogre.
The ogre is severely wounded.
The ogre hits you with a giant club!!
Ouch! That really hurt!
* * * LOW HITPOINT WARNING * * *
You hit the ogre.
The ogre is severely wounded.
You hit the ogre.
The ogre is severely wounded.
The ogre hits you with a giant club!!
Ouch! That really hurt!
You die...

...## #...# ###... # #...#
#...# #..... #.##...# #...#
#.##.# .....#### #...#
##.##.# ......#
#...########.....#
#.##.####...##........####
#<.[)).............#..####
#..(..).)..........#......
#........@.........#.#####
#.##.##.#O..#...........##
......##.#...#.###.........
###.#####.#...#.#
#.##..#.## #..# #.#...#.#
#.###.#.# #.######.#...#.#
#.###.#.## ...........#
#.....<.#. ####.......#
#####..... ###.##.##.#
#####.


You could see an ogre.

Vanquished Creatures
  Sigmund (D:2)
  An ogre (D:4)
  A water moccasin skeleton (D:4)
  A gnoll shaman (D:4)
  A centaur skeleton (D:4)
  A bullfrog skeleton (D:4)
  An orc wizard (D:3)
  11 gnolls
  3 adders
  6 worms
  2 dart slugs
  A leopard gecko (D:2)
  3 orcs (D:3)
  8 bats
  5 giant cockroaches
  8 hobgoblins
  10 kobolds
  2 ball pythons
  6 frilled lizards
  8 goblins
  A quokka skeleton (D:4)
  6 rats
87 creatures vanquished.

Notes
Turn   | Place    | Note
-------+----------+-------------------------------------------
     0 | D:1      | Htamos the Tengu Conjurer began the quest for the Orb.
     0 | D:1      | Reached XP level 1. HP: 10/10 MP: 4/4
   171 | D:1      | Reached XP level 2. HP: 15/15 MP: 4/6
   188 | D:1      | Reached skill level 6 in Conjurations
   995 | D:1      | Reached XP level 3. HP: 15/19 MP: 7/7
  1698 | D:2      | Reached skill level 7 in Conjurations
  2055 | D:2      | Reached XP level 4. HP: 24/24 MP: 4/8
  2446 | D:2      | Reached skill level 1 in Short Blades
  2471 | D:2      | Noticed Sigmund
  2489 | D:2      | Killed Sigmund
  2489 | D:2      | Reached skill level 8 in Conjurations
  2489 | D:2      | Gained mutation: You can fly. [Tengu growth]
  2489 | D:2      | Reached XP level 5. HP: 23/28 MP: 0/9
  2489 | D:2      | Reached XP level 6. HP: 26/32 MP: 0/10
  2592 | D:2      | Learned a level 4 spell: Iskenderun's Mystic Blast
  3153 | D:3      | Found a hazy altar of Hepliaklqana.
  3154 | D:3      | Found a shimmering altar of Xom.
  3154 | D:3      | Noticed a caustic shrike
  3155 | D:3      | Noticed a spectral ugly thing
  3155 | D:3      | Noticed a caustic shrike
  3746 | D:3      | Found a radiant altar of Vehumet.
  3811 | D:3      | Found a stormy altar of Qazlal.
  3858 | D:3      | Became a worshipper of Vehumet
  4268 | D:4      | Reached skill level 9 in Conjurations
  4597 | D:4      | Reached XP level 7. HP: 25/36 MP: 2/11
  4914 | D:4      | Reached skill level 5 in Short Blades
  4997 | D:4      | Mangled by an ogre

Vault maps used:
D:1:      dpeg_arrival_tiny_c, st_stairs_14
D:2:      serial_bayou_pond_e, uniq_sigmund
D:3:      regret_index_temple_of_mockery, vehumet_crystals, lemuel_crystal_altar
D:4:      first_ration

Skill      XL: |  1  2  3  4  5  6  7 |
---------------+----------------------+-----
Conjurations   | 6 7 8 9 |  9.6
Short Blades   | 3 4 5 |  5.1
Dodging        | |  2.1
Stealth        | |  2.0
Spellcasting   | |  2.0

Action                   |  1- 3 |  4- 6 |  7- 9 || total
-------------------------+-------+-------+-------++-------
Melee: Short sword       |     3 |       |       ||     3
       Kick              |     2 |     3 |     3 ||     8
       Unarmed           |     1 |       |       ||     1
       Dagger            |     2 |    25 |     6 ||    33
       Peck              |       |     3 |       ||     3
 Cast: Magic Dart        |    76 |   140 |    34 ||   250
  Use: Potion            |       |     2 |       ||     2
       Scroll            |       |     3 |       ||     3
  Eat: Chunk             |     5 |    10 |     1 ||    16
Armor: Robe              |     1 |     2 |     2 ||     5
Dodge: Dodged            |    13 |    24 |     8 ||    45
Block: Other             |       |     1 |       ||     1

Table legend:
 A = Spawn XP
 B = Non-spawn XP
 C = Spawn XP percentage of total XP
 D = Spawn monster count
 E = Non-spawn monster count
 F = Spawn count percentage of total count
 G = Total turns spent on level
                    A         B        C        D         E        F      G
               +---------+---------+-------+---------+---------+-------+---------
         Total |       0 |     892 |   0.0 |       0 |      87 |   0.0 |  4997
               +---------+---------+-------+---------+---------+-------+---------
           D:1 |       0 |      67 |   0.0 |       0 |      26 |   0.0 |  1850
           D:2 |       0 |     274 |   0.0 |       0 |      23 |   0.0 |  1147
           D:3 |       0 |     166 |   0.0 |       0 |      26 |   0.0 |  1383
           D:4 |       0 |     385 |   0.0 |       0 |      12 |   0.0 |   617
               +---------+---------+-------+---------+---------+-------+---------
